 Dungeon Crawl Stone Soup version 0.23.0 (webtiles) character file.

Game seed: 168589613198800490

2089 MalarOregon the Frost Mage (level 9, -4/57 HPs)
             Began as a Merfolk Ice Elementalist on Feb 12, 2019.
             Was a Believer of Sif Muna.
             Hit by a stone thrown by an orc warrior (8 damage)
             ... on level 6 of the Dungeon.
             The game lasted 00:23:49 (9928 turns).

MalarOregon the Frost Mage (MfIE)                   Turns: 9928, Time: 00:23:50

Health: -4/57      AC:  7    Str:  8    XL:     9   Next: 27%
Magic:  2/19       EV: 12    Int: 17    God:    Sif Muna [**....]
Gold:   428        SH:  0    Dex: 15    Spells: 10/21 levels left

rFire    . . .     SeeInvis .   a - +2 rapier (elec)
rCold    . . .     Gourm    .   (no shield)
rNeg     . . .     Faith    .   m - +0 robe
rPois    .         Spirit   .   (no helmet)
rElec    .         Reflect  .   h - +0 cloak
rCorr    .         Harm     .   s - +0 pair of gloves
MR       .....                  x - +2 pair of boots
Stlth    ++........             (no amulet)
HPRegen  0.19/turn              (no ring)
MPRegen  0.16/turn              (no ring)

@: heavily drained
A: change form in water, swift swim, stealthy swim
a: Divine Energy, Renounce Religion


You were on level 6 of the Dungeon.
You worshipped Sif Muna.
Sif Muna was pleased with you.
You were not hungry.

You visited 2 branches of the dungeon, and saw 8 of its levels.

You collected 428 gold pieces.

Inventory:

Hand Weapons
 a - a +2 rapier of electrocution (weapon)
   (You found it on level 2 of the Dungeon)
 b - a +2 antimagic spear
   (You found it on level 2 of the Dungeon)
 j - a +2 dagger of pain
   (You found it on level 4 of the Dungeon)
 k - a +2 dagger of freezing
   (You took it off an orc wizard on level 4 of the Dungeon)
 v - a cursed +3 dagger of freezing
   (You took it off a wight on level 5 of the Dungeon)
 w - a +2 battleaxe of freezing
   (You took it off a wight on level 6 of the Dungeon)
Missiles
 B - 2 throwing nets (quivered) {!f}
Armour
 h - a +0 cloak (worn)
   (You found it on level 1 of the Dungeon)
 m - a +0 robe (worn)
 s - a +0 pair of gloves (worn)
   (You found it on level 6 of the Dungeon)
 x - a +2 pair of boots (worn)
   (You found it on level 6 of the Dungeon)
Jewellery
 o - an uncursed ring of fire
   (You found it on level 5 of the Dungeon)
 A - an uncursed amulet of faith {unknown}
   (You found it on level 7 of the Dungeon)
Scrolls
 l - 4 scrolls of remove curse {@r2}
 q - a scroll of enchant weapon
 r - a scroll of teleportation {@r4}
 t - 2 scrolls of magic mapping
 u - a scroll of identify {@r1}
 y - a scroll of fog
Potions
 c - 2 potions of ambrosia {unknown}
 d - a potion of heal wounds {@q2}
 f - a potion of resistance {unknown}
 g - a potion of magic
 i - 4 potions of curing {@q1}
 n - 2 potions of might
 p - 2 potions of invisibility {unknown}
Comestibles
 e - 9 rations {!d}


   Skills:
 - Level 2.6(0.9) Dodging
 - Level 2.1(0.4) Stealth
 + Level 6.7(4.7) Spellcasting
 + Level 5.4(3.5) Conjurations
 + Level 8.4(6.3) Ice Magic


You had 10 spell levels left.
You knew the following spells:

 Your Spells              Type           Power        Failure   Level  Hunger
a - Freeze                Ice            ####         1%          1    None
c - Throw Icicle          Conj/Ice       ###.....     19%         4    ####...
d - Summon Ice Beast      Ice/Summ       ##......     36%         4    ####...
x - Throw Frost           Conj/Ice       ###...       3%          2    #......

Your spell library contained the following spells:

 Spells                   Type           Power        Failure   Level  Hunger
 Ozocubu's Armour         Chrm/Ice       ##......     12%         3    ###....


Dungeon Overview and Level Annotations

Branches:
Dungeon (7/15)             Temple (1/1) D:5

Altars:
Ashenzari
Cheibriados
Dithmenos
Elyvilon
Fedhas
Gozag
Hepliaklqana
Kikubaaqudgha
Makhleb
Nemelex Xobeh
Okawaru
Qazlal
Ru
Sif Muna
Trog
Uskayaw
Vehumet
Wu Jian
Xom
Yredelemnul
Zin
The Shining One

Annotations:
D:7 Harold


Message History

Harold points at you and mumbles some strange words.
The harpoon shot hits you.
You are yanked forward by the harpoon shot.
An orc wizard comes into view. It is wielding a +0 dagger.
Harold completely misses you.
You can't go up here!
The orc warrior hits you with a +0 broad axe!
The orc warrior throws a stone.
The stone hits you but does no damage.
You see here a stone.
There is a stone staircase leading up, spattered with blood here.
Aim: an orc warrior, wielding a +0 broad axe and wearing a +0 chain mail The shard of ice hits the orc warrior!
You hear a shout!
The orc warrior throws a stone.
The stone barely misses you.
You hear a shout!
Aim: an orc warrior, wielding a +0 broad axe and wearing a +0 chain mail (heavily wounded)
The shard of ice misses the orc warrior.
The orc warrior throws a stone.
The stone hits you.
Aim: an orc warrior, wielding a +0 broad axe and wearing a +0 chain mail (heavily wounded)
The shard of ice hits the orc warrior.
The orc warrior closely misses you.
You climb upwards.
There is a stone staircase leading down here.
Aim: an orc warrior, wielding a +0 broad axe and wearing a +0 chain mail (severely wounded)
You miscast Throw Icicle.
Sif Muna protects you from the effects of your miscast!
The orc warrior barely misses you.
Aim: an orc warrior, wielding a +0 broad axe and wearing a +0 chain mail (severely wounded)
The shard of ice hits the orc warrior.
The orc warrior drinks a potion.
The orc warrior is healed!
You hit the orc warrior but do no damage.
Lightning courses through the orc warrior!
The orc warrior misses you.
You barely miss the orc warrior. The orc warrior misses you.
You hit the orc warrior but do no damage.
The orc warrior closely misses you.
You closely miss the orc warrior. The orc warrior misses you.
You closely miss the orc warrior.
You hit the orc warrior but do no damage.
The orc warrior hits you with a +0 broad axe!!
* * * LOW HITPOINT WARNING * * *
The orc warrior throws a stone.
The stone misses you.
The orc warrior throws a stone.
The stone hits you.
* * * LOW HITPOINT WARNING * * *
You see here a stone.
The orc warrior throws a stone.
The stone hits you!
* * * LOW HITPOINT WARNING * * *
You see here a stone.
The orc warrior throws a stone.
The stone hits you!
You die...

.##......# .##......#
.'.......# .###.#####
####### .# #..# #.....#
## ##.# #.###.###########
#.## #.# #...........# ##
#..# #.###..########.##
.##
##.#####.#..@.....#.....#
..##
#[.##.....(#<###.#.#####
#..####.##.#.#.(#...#.#.#
##..###..#.#.#..###.#.#.#
##..#.........>.....#.#.#
##..####...#.#o.#####.#.#
##..#..##..#..........#.#
##.....##..#....#######.#
.##.............#.......#


You could see an orc warrior.

Vanquished Creatures
  Grinder (D:3)
  An ice beast (D:7)
  A sky beast (D:6)
  An orc warrior (D:6)
  4 centaurs
  An ogre (D:6)
  4 scorpions
  4 wights
  3 crimson imps
  2 bullfrog zombies
  A bullfrog skeleton (D:3)
  A centaur zombie (D:6)
  A hound (D:5)
  3 jellies
  Terence (D:2)
  An iguana (D:4)
  4 orc wizards
  5 worker ants
  A hound zombie (D:5)
  A worker ant zombie (D:5)
  8 adders
  3 gnolls (D:3)
  3 shadow imps
  An adder skeleton (D:5)
  2 worms
  2 dart slugs
  A leopard gecko (D:6)
  14 orcs
  4 bats
  5 giant cockroaches
  9 goblins
  6 hobgoblins
  7 jackals
  5 quokkas
  2 ball pythons
  3 frilled lizards (D:3)
  A jackal zombie (D:7)
  6 kobolds (D:1)
  A leopard gecko skeleton (D:6)
  4 rats
128 creatures vanquished.

Notes
Turn   | Place    | Note
-------+----------+-------------------------------------------
     0 | D:1      | MalarOregon the Merfolk Ice Elementalist began the quest
                  | for the Orb.
     0 | D:1      | Reached XP level 1. HP: 13/13 MP: 3/3
   283 | D:1      | Reached XP level 2. HP: 16/19 MP: 0/5
  1292 | D:2      | Noticed Terence
  1294 | D:2      | Reached XP level 3. HP: 24/24 MP: 6/6
  1306 | D:2      | Killed Terence
  1306 | D:2      | Reached skill level 4 in Ice Magic
  1502 | D:3      | Learned a level 2 spell: Throw Frost
  1609 | D:3      | Noticed Grinder
  1910 | D:3      | Killed Grinder
  1910 | D:3      | Reached skill level 5 in Ice Magic
  1910 | D:3      | Reached XP level 4. HP: 7/30 MP: 7/9
  1910 | D:3      | Reached XP level 5. HP: 8/35 MP: 7/10
  1910 | D:3      | Reached XP level 6. HP: 10/41 MP: 7/11
  3543 | D:4      | Learned a level 4 spell: Throw Icicle
  3548 | D:4      | Learned a level 4 spell: Summon Ice Beast
  3823 | D:4      | Reached XP level 7. HP: 43/46 MP: 4/13
  3906 | D:4      | Found an iron altar of Okawaru.
  4288 | D:4      | Reached skill level 6 in Ice Magic
  4473 | D:5      | Entered Level 5 of the Dungeon
  4830 | D:5      | Found a staircase to the Ecumenical Temple.
  4898 | Temple   | Entered the Ecumenical Temple
  5001 | Temple   | Became a worshipper of Sif Muna the Loreminder
  5149 | D:5      | Reached skill level 5 in Spellcasting
  5358 | D:5      | Reached XP level 8. HP: 52/52 MP: 10/15
  5778 | D:5      | Reached skill level 7 in Ice Magic
  6188 | D:6      | Reached * piety under Sif Muna
  6820 | D:6      | Reached ** piety under Sif Muna
  6821 | D:6      | Reached skill level 5 in Conjurations
  6821 | D:6      | Reached XP level 9. HP: 35/57 MP: 10/18
  7005 | D:6      | Reached skill level 8 in Ice Magic
  7979 | D:6      | Found a glowing golden altar of the Shining One.
  8537 | D:7      | Got a distressingly furry plate armour
  8672 | D:7      | Identified the +6 plate armour of Awe {Str+2 Int-2 Dex+4}
                  | (You found it on level 7 of the Dungeon)
  9499 | D:7      | Noticed Harold
  9928 | D:6      | Hit by a stone thrown by an orc warrior

Skill      XL: |  1  2  3  4  5  6  7  8  9 |
---------------+----------------------------+-----
Spellcasting   | 3 4 5 6 |  6.7
Ice Magic      | 5 6 7 8 |  8.4
Conjurations   | 2 3 5 |  5.4
Dodging        | |  2.6
Stealth        | |  2.1

Action                   |  1- 3 |  4- 6 |  7- 9 || total
-------------------------+-------+-------+-------++-------
Melee: Unarmed           |     1 |       |       ||     1
       Rapier            |    33 |    48 |   115 ||   196
 Cast: Freeze            |    30 |    11 |    56 ||    97
       Throw Frost       |       |    20 |    58 ||    78
       Throw Icicle      |       |       |    30 ||    30
  Use: Scroll            |       |    10 |     4 ||    14
 Stab: Sleeping          |     3 |     1 |     8 ||    12
  Eat: Chunk             |     3 |     6 |    13 ||    22
       Ration            |       |       |     5 ||     5
Armor: Robe              |     8 |    14 |    31 ||    53
Dodge: Dodged            |    42 |    46 |   124 ||   212
